 Dungeon Crawl Stone Soup version 0.22-b1-21-g5cfc1688f2 (webtiles) character file.

19544 Pisosu the Basher (level 12, -9/107 HPs)
             Began as a Minotaur Fighter on Aug 6, 2018.
             Was a High Priest of Trog.
             Mangled by a sixfirhy (12 damage)
             ... on level 2 of the Orcish Mines.
             The game lasted 00:57:53 (14475 turns).

Pisosu the Basher (Minotaur Fighter)               Turns: 14475, Time: 00:57:53

Health: -9/107     AC: 32    Str: 28    XL:     12   Next: 37%
Magic:  11/11      EV:  7    Int:  8    God:    Trog [*****.]
Gold:   915        SH: 15    Dex: 21    Spells: 11/11 levels left

rFire    + . .     SeeInvis .   c - +8 lance "Wyrmbane" {slay drac, rPois rF+ rC+ AC+3}
rCold    + . .     Gourm    .   L - +0 shield
rNeg     . . .     Faith    .   N - +10 plate armour "Doisuo" {+Blink rCorr Str-2 Dex+5}
rPois    +         Spirit   .   (helmet restricted)
rElec    .         Reflect  .   x - +1 cloak "Vuvekhly" {Str+4}
rCorr    +         Harm     .   (no gloves)
MR       ++...                  D - +1 pair of boots
Stlth    ..........             (no amulet)
HPRegen  1.27/turn              h - +6 ring of dexterity
MPRegen  0.12/turn              r - +3 ring of intelligence

@: about to teleport, berserk cooldown, regenerating, slowed, drained, very slow
A: retaliatory headbutt, horns 2
a: Berserk, Trog's Hand, Brothers in Arms, Renounce Religion, Evoke Blink


You were on level 2 of the Orcish Mines.
You worshipped Trog.
Trog was extremely pleased with you.
You were not hungry.

You visited 4 branches of the dungeon, and saw 15 of its levels.

You collected 1313 gold pieces.
You spent 398 gold pieces at shops.

Inventory:

Hand Weapons
 a - the +3 flail "Honoycef" {venom, rN+ Dex+3 Stlth+, unknown}
   (Trog gifted it to you on level 2 of the Orcish Mines)

   It poisons the flesh of those it strikes.
   It affects your dexterity (+3).
   It protects you from negative energy.
   It makes you more stealthy.
 c - the +8 lance "Wyrmbane" (weapon) {slay drac, rPois rF+ rC+ AC+3}
   (You found it on level 10 of the Dungeon)

   It affects your AC (+3).
   It protects you from fire.
   It protects you from cold.
   It protects you from poison.
 C - a +1 whip of flaming
Missiles
 w - 24 tomahawks
 K - a javelin of returning (quivered)
Armour
 q - a +1 ring mail of poison resistance
 x - the +1 cloak "Vuvekhly" (worn) {Str+4}
   (You bought it in a shop on level 2 of the Orcish Mines)

   It affects your strength (+4).
 A - +0 steam dragon scales
 D - a +1 pair of boots (worn)
 L - a +0 shield (worn)
 N - the +10 plate armour "Doisuo" (worn) {+Blink rCorr Str-2 Dex+5}
   (You found it on level 10 of the Dungeon)

   It affects your strength (-2).
   It affects your dexterity (+5).
   It lets you blink.
   It provides partial protection from all sources of acid and corrosion.
Jewellery
 h - a +6 ring of dexterity (left hand)
 r - a +3 ring of intelligence (right hand)
Wands
 b - a wand of paralysis (34)
 y - a wand of enslavement (26)
 J - a wand of digging (17)
Scrolls
 e - 3 scrolls of teleportation
 g - 7 scrolls of identify
 k - a scroll of enchant armour
 l - 2 scrolls of remove curse
 o - 3 scrolls of magic mapping
 s - 2 scrolls of enchant weapon
 z - a scroll of blinking {unknown}
 F - a scroll of fog {unknown}
 H - a scroll of immolation {unknown}
Potions
 d - 4 potions of might
 i - 2 potions of brilliance
 j - a potion of heal wounds {unknown}
 m - 8 potions of curing {unknown}
 n - 2 potions of agility {unknown}
 p - a potion of mutation {unknown}
 u - 2 potions of berserk rage {unknown}
 B - 4 potions of lignification {unknown}
 G - 2 potions of flight
 I - a potion of invisibility
Miscellaneous
 O - a fan of gales
 P - a box of beasts
Comestibles
 f - 27 rations


   Skills:
 + Level 10.5(10.2) Fighting
 - Level 13.9(13.5) Maces & Flails
 * Level 6.0(5.7) Polearms
 + Level 10.7(10.4) Armour
 + Level 13.3(13.0) Shields


You had 11 spell levels left.
You didn't know any spells.
Your spell library was empty.

Dungeon Overview and Level Annotations

Branches:
Dungeon (10/15)            Temple (1/1) D:4            Lair (2/6) D:9
    Orc (2/2) D:10            Elf (0/3) Orc:2
  Swamp: Lair:2-4    Shoals: Lair:2-4     Snake: Lair:2-4    Spider: Lair:2-4

Altars:
Ashenzari
Cheibriados
Dithmenos
Elyvilon
Fedhas
Makhleb
Okawaru
Qazlal
Ru
Sif Muna
Trog
Uskayaw
Wu Jian
Xom
Yredelemnul
The Shining One

Shops:
D:5 [   Orc:2 [


Innate Abilities, Weirdness & Mutations

You reflexively headbutt those who attack you in melee.
You have a pair of horns on your head.


Message History

The bolt of fire hits you! You resist.
* * * LOW HITPOINT WARNING * * *
An orc sorcerer comes into view. It is wielding a dagger.
An orc priest comes into view. It is wielding a falchion.
A soul eater comes into view.
An orc warrior comes into view. It is wielding a mace.
You hear a shout!
A sixfirhy comes into view.
As you read the scroll of teleportation, it crumbles to dust.
You feel strangely unstable. You block the sixfirhy's attack. x3
The sixfirhy hits you!
* * * LOW HITPOINT WARNING * * *
The sixfirhy shocks you!
* * * LOW HITPOINT WARNING * * *
The rust devil hits you.
The orc sorcerer hits you but does no damage.
The sixfirhy hits you.
* * * LOW HITPOINT WARNING * * *
The sixfirhy shocks you!
You die...

.#
##..#
#.##
. ..#
..
####
##
#..
.. ##
#.o
#.
.##
#o...
..##
#.#.
o..#


oo. oo# ##o#o# #.3@# #..4## #o.o# #...# #...# .#.# ..# .# You could see 2 orc
knights, a rust devil, a sixfirhy, 3 orc sorcerers, 3 orc warriors and 3 orc
priests.

Vanquished Creatures
  A two-headed ogre (D:8)
  A sixfirhy (Orc:2)
  An orc knight (Orc:2)
  Pikel (D:5)
  An orc sorcerer (Orc:2)
  A faun (Lair:1)
  2 cyclopes
  A black mamba (Lair:2)
  An eye of devastation (shapeshifter) (D:10)
  A centaur zombie (D:10)
  A spiny frog (Lair:1)
  5 komodo dragons
  Grinder (D:3)
  4 blink frogs (Lair:2)
  5 hippogriffs
  Sigmund (D:5)
  A human (D:7)
  A wraith (D:9)
  5 yaks
  3 hogs (D:7)
  3 basilisks
  A hungry ghost (D:9)
  2 steam dragons
  A hell hound (D:9)
  5 water moccasins
  2 porcupines
  An ice beast (D:9)
  4 phantoms
  A swamp drake (D:10)
  16 orc warriors
  A black bear (D:9)
  A sky beast (D:7)
  3 ogres
  25 wolves
  4 centaurs
  A crocodile (Lair:1)
  Blork the orc (D:5)
  10 bullfrogs
  5 scorpions
  5 killer bees (D:8)
  4 howler monkeys (D:7)
  2 crimson imps
  18 orc priests
  A quasit (D:10)
  4 jellies
  5 hounds
  3 bullfrog skeletons
  A centaur skeleton (D:9)
  Crazy Yiuf (D:3)
  Ijyb (D:5)
  Natasha (thrice) (D:3)
  2 iguanas
  19 orc wizards
  6 worker ants
  A hound skeleton (D:8)
  A worker ant zombie (D:8)
  7 gnolls
  13 adders
  2 shadow imps
  2 oozes
  4 adder skeletons
  3 dart slugs
  5 leopard geckos
  70 orcs
  6 bats
  6 giant cockroaches
  2 goblins
  8 hobgoblins
  6 jackals (D:3)
  5 kobolds
  5 quokkas
  3 frilled lizards
  A quokka skeleton (D:3)
  5 rats
  2 fungi (D:3)
357 creatures vanquished.

Vanquished Creatures (others)
  A slave (D:5)
  An orc wizard (D:5)
  An orc (D:10)
  A bat (D:3)
  2 fungi (Lair:2)
6 creatures vanquished.

Grand Total: 363 creatures vanquished

Notes
Turn   | Place    | Note
-------+----------+-------------------------------------------
     0 | D:1      | Pisosu the Minotaur Fighter began the quest for the Orb.
     0 | D:1      | Reached XP level 1. HP: 19/19 MP: 0/0
   133 | D:1      | Reached XP level 2. HP: 27/27 MP: 1/1
   502 | D:1      | Reached XP level 3. HP: 33/33 MP: 2/2
   924 | D:2      | Found a basalt altar of Yredelemnul.
   924 | D:2      | Found a snail-covered altar of Cheibriados.
  1096 | D:3      | Noticed Grinder
  1102 | D:3      | Paralysed by Grinder for 2 turns
  1105 | D:3      | Killed Grinder
  1105 | D:3      | Reached XP level 4. HP: 4/41 MP: 3/3
  1105 | D:3      | Reached XP level 5. HP: 5/47 MP: 4/4
  1410 | D:3      | Reached skill level 5 in Armour
  1410 | D:3      | Reached skill level 5 in Shields
  1452 | D:3      | Reached XP level 6. HP: 46/53 MP: 5/5
  1460 | D:3      | Reached skill level 5 in Maces & Flails
  1613 | D:3      | Noticed Natasha
  1618 | D:3      | Killed Natasha
  1805 | D:3      | Reached skill level 5 in Fighting
  1858 | D:3      | Noticed Natasha
  1859 | D:3      | Found a white marble altar of Elyvilon.
  1865 | D:3      | Killed Natasha
  1866 | D:3      | Reached XP level 7. HP: 61/61 MP: 6/6
  2029 | D:3      | Found a runed door.
  2094 | D:3      | Noticed Natasha
  2098 | D:3      | Killed Natasha
  2146 | D:3      | Noticed Crazy Yiuf
  2153 | D:3      | Killed Crazy Yiuf
  2415 | D:4      | Found a staircase to the Ecumenical Temple.
  2437 | Temple   | Entered the Ecumenical Temple
  2498 | Temple   | Became a worshipper of Trog the Wrathful
  3375 | D:5      | Entered Level 5 of the Dungeon
  3376 | D:5      | Noticed Sigmund
  3498 | D:5      | Found a sacrificial altar of Ru.
  3627 | D:5      | Reached XP level 8. HP: 65/70 MP: 7/7
  3665 | D:5      | Noticed Ijyb
  3678 | D:5      | Killed Ijyb
  3697 | D:5      | Reached * piety under Trog
  3793 | D:5      | Noticed Pikel
  3806 | D:5      | Killed Pikel
  4075 | D:5      | Found Offauv's Antique Armour Shop.
  4269 | D:5      | Noticed Blork the orc
  4275 | D:5      | Killed Blork the orc
  4339 | D:5      | Killed Sigmund
  4582 | D:6      | Reached XP level 9. HP: 49/78 MP: 8/8
  4844 | D:6      | Found a shimmering altar of Xom.
  5346 | D:6      | Reached ** piety under Trog
  5498 | D:7      | Reached skill level 10 in Maces & Flails
  6179 | D:8      | Reached XP level 10. HP: 86/86 MP: 9/9
  6185 | D:8      | Found a snail-covered altar of Cheibriados.
  6225 | D:8      | Reached *** piety under Trog
  6230 | D:8      | Reached skill level 10 in Shields
  6284 | D:8      | Noticed a two-headed ogre
  6376 | D:8      | Killed a two-headed ogre
  6908 | D:9      | Found a staircase to the Lair.
  7587 | D:9      | Noticed a cyclops
  7593 | D:10     | Entered Level 10 of the Dungeon
  7750 | D:9      | Killed a cyclops
  7900 | Lair:1   | Entered Level 1 of the Lair of Beasts
  8852 | Lair:1   | Noticed a spiny frog
  8887 | Lair:2   | Noticed a seven-headed hydra
  8967 | Lair:1   | Reached XP level 11. HP: 87/95 MP: 10/10
  9415 | Lair:1   | Reached **** piety under Trog
 11134 | Lair:2   | Reached skill level 10 in Armour
 11712 | Lair:2   | Reached skill level 10 in Fighting
 12581 | D:10     | Found the +8 lance "Wyrmbane" {slay drac, rPois rF+ rC+ AC+3}
 12643 | D:10     | Got a fine plate armour
 12766 | D:10     | Reached XP level 12. HP: 105/106 MP: 11/11
 12776 | D:10     | Reached skill level 1 in Polearms
 13021 | D:10     | Found a staircase to the Orcish Mines.
 13031 | D:10     | Reached ***** piety under Trog
 13185 | D:10     | Identified the +10 plate armour "Doisuo" {+Blink rCorr Str-2 Dex+5} (You found it on level 10 of the Dungeon)
 13198 | Orc:1    | Entered Level 1 of the Orcish Mines
 13879 | Orc:2    | Entered Level 2 of the Orcish Mines
 14175 | Orc:2    | Found Ufuteora's Armour Emporium.
 14183 | Orc:2    | Bought the +1 cloak "Vuvekhly" {Str+4} for 398 gold pieces
 14206 | Orc:2    | Found a staircase to the Elven Halls.
 14293 | Orc:2    | Received a gift from Trog
 14298 | Orc:2    | Got a shimmering flail {god gift}
 14389 | Orc:2    | Reached skill level 5 in Polearms
 14475 | Orc:2    | HP: 3/107 [sixfirhy (6)]
 14475 | Orc:2    | Mangled by a sixfirhy

Skill      XL: |  1  2  3  4  5  6  7  8  9 10 11 12 |
---------------+-------------------------------------+-----
Armour         | 4 5 6 7 8 9 10 | 10.7
Fighting       | 4 5 6 7 8 10 | 10.5
Shields        | 4 5 6 7 9 11 12 13 | 13.3
Maces & Flails | 4 6 7 9 10 12 13 | 13.9
Polearms       | 6 |  6.0

Action                   |  1- 3 |  4- 6 |  7- 9 | 10-12 || total
-------------------------+-------+-------+-------+-------++-------
Melee: Flail             |    70 |    72 |   132 |   509 ||   783
       Headbutt          |     8 |    13 |    98 |   176 ||   295
       Mace              |       |       |   138 |       ||   138
       Whip              |       |       |    68 |       ||    68
       Lance             |       |       |       |   242 ||   242
Throw: Tomahawk          |       |       |    13 |    37 ||    50
       Javelin           |       |       |       |     5 ||     5
Invok: Berserk           |       |       |     4 |     6 ||    10
       Trog's Hand       |       |       |       |     1 ||     1
  Use: Scroll            |       |       |     4 |     9 ||    13
  Eat: Chunk             |     1 |     2 |    17 |    23 ||    43
       Ration            |       |       |       |     4 ||     4
Armor: Scale mail        |    22 |       |       |       ||    22
       Ring mail         |     8 |    18 |    78 |   139 ||   243
       Plate armour      |       |       |       |   139 ||   139
Dodge: Dodged            |    20 |    30 |    58 |   207 ||   315
Block: Shield            |    35 |    37 |   142 |   522 ||   736
